 Dungeon Crawl Stone Soup version 0.27-a0-1595-g0b823d0a13 (webtiles) character file.

Game seed: 12239630263393626809

40 Anon1729 the Insei (level 3, -4/26 HPs)
             Began as an Octopode Monk on July 20, 2021.
             Killed from afar by an orc wizard (8 damage)
             ... with a puff of flame
             ... on level 2 of the Dungeon.
             The game lasted 00:01:14 (701 turns).

Anon1729 the Insei (Octopode Monk)                   Turns: 701, Time: 00:01:15

Health: -4/26      AC:  1    Str: 10    XL:     3   Next: 50%
Magic:  3/3        EV: 14    Int: 13    God:
Gold:   10         SH:  0    Dex: 14    Spells: 2/2 levels left

rFire    . . .     SeeInvis .     - Unarmed
rCold    . . .     Faith    .   (no shield)
rNeg     . . .     Spirit   .   (helmet restricted)
rPois    .         Reflect  .   (no amulet)
rElec    .         Harm     .   (no ring)
rCorr    .         Rampage  .   (no ring)
Will     .....                  (no ring)
Stlth    +++.......             (no ring)
HPRegen  0.08/turn              (no ring)
MPRegen  0.08/turn              (no ring)
                                (no ring)
                                (no ring)

@: no status effects
A: almost no armour, amphibious, 8 rings, camouflage 1, gelatinous body 1,
(nimble swimmer 1), tentacles
a: no special abilities


You were on level 2 of the Dungeon.
You visited 1 branch of the dungeon, and saw 2 of its levels.

You collected 10 gold pieces.

Inventory:

Scrolls
 a - a scroll of blinking {unknown}
 d - a scroll of immolation {unknown}
Potions
 b - a potion of invisibility {unknown}
 c - a potion of haste {unknown}


   Skills:
 - Level 3.0 Fighting
 - Level 3.0 Dodging
 - Level 2.6 Stealth
 + Level 4.4 Unarmed Combat


You had 2 spell levels left.
You didn't know any spells.
Your spell library was empty.

Dungeon Overview and Level Annotations

Branches:
Dungeon (2/15)

Altars:

Shops:
D:1 :


Innate Abilities, Weirdness & Mutations

You cannot wear most types of armour.
You are amphibious.
You can wear up to eight rings at the same time.
Your skin changes colour to match your surroundings (Stealth+).
Your rubbery body absorbs attacks. (AC +1, EV +1)
((You are camouflaged near water. (Stealth+)))
You have tentacles for arms and can constrict up to eight enemies at once.


Message History

You grab the orc wizard. You tentacle-slap the orc wizard.
You squeeze the orc wizard, but do no damage.
The orc wizard is lightly wounded.
You constrict the orc wizard.
The kobold throws a stone.
The stone barely misses you.
The orc wizard hits you with a +0 dagger.
You tentacle-slap the orc wizard. You squeeze the orc wizard.
The orc wizard is heavily wounded.
You constrict the orc wizard, but do no damage.
The orc wizard mumbles some strange words.
The orc wizard flickers and vanishes!
Deactivating autopickup; reactivate with Ctrl-A.
The kobold throws a stone.
The stone closely misses you. The orc wizard closely misses you.
There are monsters nearby!
You tentacle-slap the orc wizard but do no damage.
The orc wizard is heavily wounded.
You constrict the orc wizard.
The orc wizard hits you with a +0 dagger.
You tentacle-slap the orc wizard.
You squeeze the orc wizard, but do no damage.
The orc wizard is severely wounded.
You constrict the orc wizard, but do no damage.
A dart slug comes into view.
A ball python comes into view.
The ball python hisses angrily.
You tentacle-slap the orc wizard but do no damage.
You squeeze the orc wizard.
You kill the orc wizard!
The orc barely misses you.
Your Unarmed Combat skill increases to level 4!
You have reached level 3!
Your experience leads to an increase in your attributes!
Increase (S)trength, (I)ntelligence, or (D)exterity?
You feel clever.
A puff of flame appears from out of thin air!
The puff of flame hits you!
* * * LOW HITPOINT WARNING * * *
A puff of flame appears from out of thin air!
The puff of flame hits you!
You die...

#.#......
#.#......
#.#...... #
#.#.... ..
####...... .# .
#......#####.##..
#................
#................
#).....@o........
#.###..o.........
#.# #.?.........#
#.# #.....).K....
#.# ##...........
#######.#
####...{....
#<......#
#....S...
######.##
..#...w.. #.#
.#8#.....


You could see a dart slug, 2 orcs, a ball python and a kobold.

Vanquished Creatures
  An orc wizard (D:2)
  A ball python (D:1)
  An endoplasm (D:1)
  3 hobgoblins
  2 kobolds (D:1)
  4 bats
  2 frilled lizards (D:1)
  A goblin (D:2)
  A rat (D:1)
16 creatures vanquished.

Notes
Turn   | Place    | Note
-------+----------+-------------------------------------------
     0 | D:1      | Anon1729 the Octopode Monk began the quest for the Orb.
     0 | D:1      | Reached XP level 1. HP: 16/16 MP: 1/1
   215 | D:1      | Found Wifryib's Book Shop.
   220 | D:1      | Reached XP level 2. HP: 21/21 MP: 2/2
   700 | D:2      | Reached skill level 4 in Unarmed Combat
   700 | D:2      | Reached XP level 3. HP: 15/26 MP: 3/3
   701 | D:2      | Killed from afar by an orc wizard

Illustrated notes

Levels and vault maps discovered:
D:1:      lemuel_arrival_cross, layout_basic, serial_shops, nicolae_diamond_shop
D:2:      minmay_door_path, layout_basic,
          hellmonk_ecumenical_altar_slurped_away, kennysheep_doodads

Skill      XL: |  1  2 |
---------------+-------+-----
Unarmed Combat | 4 |  4.4
Fighting       | |  3.0
Dodging        | |  3.0
Stealth        | |  2.6

Action                   || total
-------------------------++-------
Melee: Unarmed           ||    36
       Constrict         ||    10
       Tentacles         ||     7
       Punch             ||     2
 Stab: Sleeping          ||     2
Armor: Skin              ||     8
Dodge: Dodged            ||    32

Table legend: (Time is in decaauts)
 A = Elapsed time spent in this place.
 B = Non-inter-level travel time spent in this place.
 C = Inter-level travel time spent in this place.
 D = Time resting spent in this place.
 E = Time spent auto-exploring this place.
 F = Levels seen in this place.
 G = Mean time per level.
                   A        B        C        D        E       F      G
               +--------+--------+--------+--------+--------+-----+--------+
         Total |    698 |    690 |      8 |      0 |    592 |   2 |  349.0 |
       Dungeon |    698 |    690 |      8 |      0 |    592 |   2 |  349.0 |
               +--------+--------+--------+--------+--------+-----+--------+

Top non-repeatable levels by time:
     D:1: 663 daAuts
     D:2: 34 daAuts
